AoeStats
← Goku_San

Black Forest

509405713Analyzed
4v4 RM · 6d ago on Sep 26, 2026· 58m 51s· 8 players
Game mode
Random Map
Map size
Large (8 player)
Population
200
Speed
Normal
Resources
Standard
Victory
Conquest
Starting age
Dark Age
Ending age
Imperial Age
RankedLock teamsTeams togetherTeam positionsShared explorationLock speedFull tech treeHidden civsTurbo modeCheats
Victory
Defeat
🇲🇽 Spanish · Mexico
1208
+18
🇲🇽 Persians · Mexico
1202
+18
🇩🇪 Persians · Germany
1198
+18
🇩🇪 Dravidians · Germany
1148
+20
🇬🇧 Varangians · United Kingdom
1296
-20
🇮🇱 Hindustanis · Israel
1278
-20
🇵🇪 Spanish · Peru
1243
-18
🇨🇳 Portuguese · China
1184
-16
BerC
1:05 Loom
13:24 Feudal Age
17:27 Castle Age
16:04 Double-Bit Axe
20:43 Wheelbarrow
27:33 Imperial Age
26:24 Fortified Wall
26:18 Fletching
26:42 Bow Saw
29:18 Chemistry
35:07 Horse Collar
37:06 Bodkin Arrow
37:47 Husbandry
38:14 Bloodlines
39:10 Scale Barding Armor
40:05 Hand Cart
45:29 Two-Man Saw
44:32 Heavy Plow
47:50 Ballistics
47:40 Masonry
48:48 Conscription
48:29 Stone Mining
50:23 Town Watch
50:30 Elite Conquistador
51:37 Town Patrol
51:45 Gold Mining
52:30 Stone Shaft Mining
55:26 Forging
55:36 Chain Barding Armor
55:17 Bracer
57:35 Architecture
57:00 Murder Holes
58:12 Padded Archer Armor
58:47 Iron Casting
58:48 Plate Barding Armor
Boywars
4:10 Loom
11:11 Feudal Age
15:22 Castle Age
13:59 Double-Bit Axe
14:11 Horse Collar
16:14 Bow Saw
22:53 Heavy Plow
27:37 Kamandaran
30:12 Imperial Age
31:49 Chemistry
36:58 Conscription
36:09 Crossbowman
36:55 Thumb Ring
39:26 Scale Barding Armor
39:12 Fletching
39:32 Forging
38:53 Onager
40:09 Elite War Elephant
42:21 Bodkin Arrow
42:47 Chain Barding Armor
42:28 Padded Archer Armor
43:04 Iron Casting
52:23 Two-Man Saw
51:45 Leather Archer Armor
55:05 Ballistics
jax0n
0:37 Loom
11:58 Feudal Age
16:26 Castle Age
14:56 Double-Bit Axe
14:54 Horse Collar
29:54 Imperial Age
27:32 Fletching
27:42 Padded Archer Armor
28:24 Bow Saw
28:56 Heavy Plow
29:07 Padded Archer Armor
29:36 Bodkin Arrow
31:27 Elite Elephant Archer
32:56 Thumb Ring
33:36 Conscription
33:18 Onager
35:18 Wheelbarrow
34:29 Town Watch
36:36 Bracer
36:51 Leather Archer Armor
37:04 Ballistics
37:44 Chemistry
39:17 Medical Corps
39:20 Siege Elephant
41:13 Hoardings
41:09 Caravan
41:19 Guilds
41:40 Coinage
42:17 Two-Man Saw
42:03 Gold Mining
42:04 Stone Mining
45:25 Town Patrol
48:27 Banking
49:34 Elite Skirmisher
53:18 Ring Archer Armor
hurricanehoffmann
10:43 Feudal Age
14:29 Castle Age
12:22 Horse Collar
13:31 Double-Bit Axe
20:20 Heavy Plow
20:39 Gold Mining
21:02 Bow Saw
22:07 Loom
23:29 Wheelbarrow
28:32 Imperial Age
26:19 Hand Cart
25:51 Town Watch
27:46 Bloodlines
27:37 Husbandry
28:06 Scale Barding Armor
28:12 Forging
28:08 Caravan
28:15 Cavalier
29:59 Crop Rotation
30:08 Chain Barding Armor
30:24 Iron Casting
30:49 Fletching
31:35 Plate Barding Armor
32:24 Two-Man Saw
31:55 Conscription
32:04 Savar
33:19 Town Patrol
33:17 Bodkin Arrow
34:23 Blast Furnace
37:03 Chemistry
36:16 Masonry
36:37 Ballistics
46:43 Light Cavalry
47:26 Hussar
ALAW
0:43 Loom
12:04 Feudal Age
16:23 Castle Age
14:52 Double-Bit Axe
15:27 Horse Collar
17:37 Bow Saw
25:22 Stone Mining
25:48 Treadmill Crane
26:15 Gold Mining
27:14 Fortified Wall
28:00 Stone Shaft Mining
29:53 Wheelbarrow
32:50 Imperial Age
31:41 Hand Cart
31:33 Heavy Plow
32:36 Scale Barding Armor
32:53 Forging
32:57 Masonry
32:54 Elite Jarl
34:40 Chain Barding Armor
34:57 Iron Casting
35:38 Two-Man Saw
36:11 Conscription
36:32 Plate Barding Armor
36:51 Crop Rotation
36:54 Ballistics
36:51 Town Watch
40:40 Blast Furnace
39:30 Fletching
40:34 Guilds
40:24 Caravan
40:36 Pikeman
41:17 Squires
41:02 Arson
40:38 Elite Varangian Guard
41:24 Scale Mail Armor
43:08 Chemistry
42:40 Architecture
41:58 Halberdier
43:13 Gothikon
44:57 Chain Mail Armor
44:38 Bodkin Arrow
48:37 Plate Mail Armor
49:48 Coinage
51:16 Bracer
50:41 Capped Ram
52:17 Banking
52:05 Vendel Legacy
53:19 Bloodlines
53:10 Husbandry
56:36 Heated Shot
Goku_San
6:36 Loom
9:30 Feudal Age
9:59 Double-Bit Axe
14:36 Castle Age
16:31 Bow Saw
19:59 Wheelbarrow
20:08 Wheelbarrow
19:40 Gold Mining
22:18 Stone Mining
22:16 Horse Collar
23:40 Gold Shaft Mining
23:15 Heavy Plow
24:02 Stone Shaft Mining
29:08 Imperial Age
26:44 Padded Archer Armor
28:17 Hand Cart
28:55 Leather Archer Armor
30:54 Chemistry
30:57 Two-Man Saw
30:32 Ring Archer Armor
31:19 Siege Engineers
31:20 Shatagni
31:41 Conscription
31:54 Grand Trunk Road
34:49 Scale Barding Armor
34:56 Forging
35:14 Husbandry
35:24 Bloodlines
34:55 Heavy Camel Rider
35:59 Chain Barding Armor
36:57 Iron Casting
36:04 Imperial Camel Rider
38:26 Plate Barding Armor
38:52 Blast Furnace
46:15 Light Cavalry
Iam_Toretto
1:07 Loom
12:46 Feudal Age
16:45 Castle Age
15:19 Double-Bit Axe
15:49 Horse Collar
16:16 Gold Mining
17:32 Wheelbarrow
18:09 Bow Saw
17:58 Fletching
26:21 Imperial Age
25:37 Padded Archer Armor
26:18 Bodkin Arrow
28:03 Two-Man Saw
28:24 Chemistry
28:54 Masonry
29:48 Conscription
30:18 Architecture
30:52 Bracer
33:46 Guilds
35:15 Heavy Plow
35:54 Scale Mail Armor
37:11 Chain Mail Armor
37:07 Forging
36:48 Pikeman
37:29 Squires
39:06 Plate Mail Armor
39:15 Iron Casting
38:25 Halberdier
44:42 Blast Furnace
47:04 Hand Cart
46:35 Town Watch
48:32 Scale Barding Armor
48:45 Caravan
rower56
7:51 Loom
13:23 Feudal Age
14:00 Horse Collar
14:06 Double-Bit Axe
14:14 Gold Mining
18:24 Castle Age
17:38 Stone Mining
19:55 Bow Saw
20:44 Heavy Plow
25:15 Fervor
30:40 Imperial Age
29:42 Wheelbarrow
30:01 Ballistics
29:51 Masonry
29:37 Murder Holes
29:25 Treadmill Crane
29:52 Fletching
30:03 Padded Archer Armor
30:17 Forging
30:08 Scale Mail Armor
31:15 Hand Cart
30:36 Pikeman
32:22 Chemistry
31:45 Conscription
32:03 Bodkin Arrow
32:23 Leather Archer Armor
32:41 Architecture
32:29 Arquebus
33:50 Two-Man Saw
32:41 Elite Skirmisher
34:43 Guilds
34:23 Crossbowman
35:09 Thumb Ring
35:40 Bracer
36:10 Ring Archer Armor
35:21 Arbalester
36:57 Halberdier
38:57 Chain Mail Armor
39:17 Iron Casting
39:58 Plate Mail Armor
40:03 Iron Casting
44:45 Bombard Tower
44:31 Siege Engineers
52:33 Treadmill Crane
56:04 Blast Furnace
55:24 Block Printing
56:33 Coinage
Connection lost

Rejoining the realm…

Still unreachable

The connection could not be restored.

Session expired

The server has moved on; the page needs a fresh start.